[Event "*** SCC Grand Prix: Titled Tuesday Blitz"]
[Site "Chess.com"]
[Date "2020.09.29"]
[Round "2"]
[White "lider34"]
[Black "szefru"]
[Result "1/2-1/2"]
[WhiteElo "2396"]
[BlackElo "2146"]
[TimeControl "180+1"]
[EndTime "10:18:51 PDT"]
[Termination "Game drawn by repetition"]

1. e4 Nf6 2. Nc3 d5 3. exd5 Nxd5 4. Bc4 c6 5. Nge2 g6 6. O-O Bg7 7. Nxd5 cxd5 8. Bb5+ Bd7 9. Bxd7+ Nxd7 10. d4 O-O 11. c3 Nf6 12. Ng3 h5 13. Bg5 Qd7 14. Re1 Rfe8 15. Qf3 Nh7 16. Bd2 Bf6 17. Nf1 Ng5 18. Bxg5 Bxg5 19. Re5 Bf6 20. Qxd5 Qc7 21. Re2 Rad8 22.
Qf3 b6 23. Rae1 Bg7 24. Ne3 e6 25. h3 Qd7 26. a3 e5 27. dxe5 Rxe5 28. Nc4 Rf5 29. Qe4 Qb5 30. Qe7 Rd7 31. Qe8+ Kh7 32. Ne3 Re5 33. Qc8 Rde7 34. Qd8 Bh6 35. c4 Qc5 36. b4 Qc6 37. Qd3 Bxe3 38. Rxe3 Rxe3 39.
Rxe3 Rxe3 40. fxe3 Qf6 41. Qd4 Qf5 42. e4 Qf4 43. a4 Qc1+ 44. Kf2 Qf4+ 45. Ke2 Qg3 46. Kf1 Qf4+ 47. Kg1 Qc1+ 48. Kh2 Qf4+ 49. g3 Qg5 50. Kg2 h4 51. Qd3 hxg3 52. Qxg3 Qd2+ 53. Qf2 Qg5+ 54.
Kh2 Qe5+ 55. Kg1 Kg7 56. Qe3 Qa1+ 57. Kg2 Qxa4 58. Qd4+ Kh7 59. Qf6 Qa2+ 60. Kg3 Qxc4 61. Qf4 Qc3+ 62. Kg2 Kg7 63. e5 Qc2+ 64. Kg1 a5 65. bxa5 bxa5 66. Qf6+ Kf8 67. Qd8+ Kg7 68. Qf6+ Kh6 69. Qh4+ Kg7 70. Qf6+ 1/2-1/2

[Event "*** SCC Grand Prix: Titled Tuesday Blitz"]
[Site "Chess.com"]
[Date "2020.09.29"]
[Round "2"]
[White "rasmussvane"]
[Black "ALeks_Ivlev"]
[Result "1-0"]
[WhiteElo "2893"]
[BlackElo "2558"]
[TimeControl "180+1"]
[EndTime "10:18:52 PDT"]
[Termination "rasmussvane won by resignation"]

1. Nf3 Nf6 2. g3 b5 3. Na3 a6 4.
c4 b4 5. Nc2 c5 6. d4 e6 7. Bg2 Bb7 8. d5 exd5 9. Nh4 g6 10.
Ne3 Bg7 11. Nxd5 Bxd5 12. Bxd5 Nxd5 13. Qxd5 Nc6 14. Qxc5 Bd4 15. Qd6 Be5 16. Qd5 O-O 17. Nf3 Bg7 18. O-O Qe7 19. Re1 h6 20. Rb1 Rfe8 21.
Be3 a5 22. Red1 Rad8 23. Bb6 Rb8 24. Be3 Rbd8 25. Rd2 a4 26. Rbd1 b3 27. axb3 axb3 28. Bb6 Rb8 29. Bc5 Qe4 30. e3 Qg4 31. Kg2 Nb4 32.
Bxb4 Rxb4 33. c5 Qe6 34. Qxe6 dxe6 35. Nd4 Rc8 36. Rc1 e5 37. Ne2 e4 38. Nd4 Be5 39.
Rc3 Bxd4 40. Rxd4 Rb5 41. Rxe4 Kg7 42. c6 Rb6 43. c7 h5 44. Rd4 Rb7 45. h4 Rcxc7 46.
Rxc7 Rxc7 47. Rb4 Kf6 48. Rxb3 Kf5 49. Rb4 Ke5 50. Kf3 Rc2 51. Rb5+ Ke6 52. b4 Rb2 53.
Rb6+ Ke5 54. Rb7 f6 55. Rb5+ Ke6 56. e4 Kd6 57. Ke3 Ke6 58. f3 Kd6 59. Kf4 Ke6 60.
Rb6+ Kf7 61. e5 fxe5+ 62. Kxe5 Rb3 63. Kf4 Rc3 64. Kg5 Rxf3 65. Rb7+ Ke6 66. Kxg6 Rxg3+ 67. Kxh5 Rg1 68. Kh6 Kf6 69. h5 Rg8 70. Kh7 Rg5 71. h6 Rg1 72. Rb6+ Kf7 73. Rb7+ Kf6 74. Rc7 Rg5 75. Rc5 Rg4 76. b5 Rb4 77. Rc6+ Kf7 78. b6 Kf8 79. Rf6+ Ke7 80. Kg7 Rg4+ 81. Rg6 Rf4 82.
h7 Rf7+ 83. Kh6 1-0

[Event "*** SCC Grand Prix: Titled Tuesday Blitz"]
[Site "Chess.com"]
[Date "2020.09.29"]
[Round "2"]
[White "redbaron8888"]
[Black "sergiochess83"]
[Result "0-1"]
[WhiteElo "2507"]
[BlackElo "2804"]
[TimeControl "180+1"]
[EndTime "10:18:54 PDT"]
[Termination "sergiochess83 won on time"]

1. e4 c5 2. Nf3 d6 3. d4 cxd4 4. Nxd4 Nf6 5. Nc3 a6 6. Nb3 e6 7.
g4 b5 8. Bg2 Bb7 9. g5 b4 10.
Nd5 exd5 11. gxf6 dxe4 12. fxg7 Bxg7 13. Qg4 O-O 14. Rg1 f5 15. Qh5 Qf6 16. Bh3 Kh8 17.
Bg5 Qxb2 18. Be7 Qc3+ 19. Kd1 Nc6 20. Bxf8 Rxf8 21. Bxf5 Qf3+ 22. Qxf3 exf3 23. Rxg7 Kxg7 24. Be4 Rf4 25. Bd5 Nd8 26. Bxb7 Nxb7 27. Kd2 Re4 28.
Rg1+ Kf6 29. Nc1 Nc5 30. Rg3 Rf4 31. Ke3 Rf5 32. Rxf3 a5 33. Rh3 h5 34. f4 Rd5 35.
Ne2 Rd1 36. Rg3 Ra1 37. Rg5 Rxa2 38. Nd4 a4 39. Rxh5 b3 40. cxb3 axb3 41. Rh6+ Ke7 42. Nf5+ Kf8 43. Rxd6 b2 44. Rb6 Na4 45. Rb8+ Kf7 46.
Nd6+ Ke6 47. Nc4 Kd5 48. Nxb2 Nxb2 49. Rb5+ Ke6 50. Rb6+ Kf5 51. Rb5+ Kf6 52. h4 Nc4+ 53. Kd4 Nd6 54. Rb6 Ke7 55. h5 Ra5 56. Rc6 Rxh5 57. Rc7+ Ke6 58. f5+ Rxf5 59. Rh7 Rf4+ 60. Kd3 Nf7 61. Rg7 Ne5+ 62. Ke3 Ra4 63. Rg2 Ra3+ 64. Ke2 Ra4 65. Kf1 Kf5 66. Rf2+ Ke4 67. Re2+ Kf4 68. Rf2+ Nf3 69. Kg2 Ra3 70. Rb2 Ne1+ 71. Kf1 Nd3 72.
Rd2 Kf3 73. Rd1 Nf4 74. Re1 Ng2 75. Rb1 Ne3+ 76. Kg1 Ra2 77. Re1 Rg2+ 78. Kh1 Rg6 79. Ra1 Kf2 0-1

[Event "*** SCC Grand Prix: Titled Tuesday Blitz"]
[Site "Chess.com"]
[Date "2020.09.29"]
[Round "2"]
[White "DonPreuss"]
[Black "MPGM"]
[Result "0-1"]
[WhiteElo "2245"]
[BlackElo "2437"]
[TimeControl "180+1"]
[EndTime "10:18:56 PDT"]
[Termination "MPGM won on time"]

1. d4 Nf6 2. Nc3 d5 3. e4 c5 4. e5 cxd4 5. Qxd4 Nc6 6. Bb5 Nd7 7. Qxd5 e6 8. Qe4 Be7 9. Nf3 O-O 10. Bd3 g6 11. Bh6 Nc5 12. Qg4 Nxd3+ 13. cxd3 Re8 14. O-O b6 15. d4 Bb7 16. Rad1 Nb4 17. Ne4 Bxe4 18.
Qxe4 Nxa2 19. Qg4 Nb4 20. Ng5 Qd7 21. h4 Nd5 22. h5 Bxg5 23. Bxg5 Kg7 24. Qh4 h6 25. Bf6+ Kh7 26. hxg6+ fxg6 27. Bg5 Qg7 28. Rd3 h5 29. g4 Qf7 30. Qh3 Nf4 31. Bxf4 Qxf4 32.
Rf3 Qxg4+ 33. Qxg4 hxg4 34. Rf7+ Kh6 35. Kg2 Kg5 36.
Rc1 Rac8 37. Rxc8 Rxc8 38. Rxa7 Rc4 39. Rd7 Rb4 40. Rd6 Kf5 41. d5 exd5 42. Rxd5 Rxb2 43. Kg3 Rb3+ 44. Kg2 b5 45. Rc5 b4 46. Rb5 Ke6 47. Kh2 Rb2 48. Kg2 b3 49. Kg1 Rb1+ 50. Kg2 g5 51.
Kh2 Kf5 52. Kg2 Ke6 53. Kh2 Rb2 54. Kg2 Kf5 55. Kg1 Kf4 56. Kg2 g3 57. Rb4+ Kxe5 58. Kxg3 Rb1 59. Kg2 Kd5 60. Rb5+ Kc4 61. Rxg5 b2 62.
Rg4+ Kc3 63. Rg3+ Kc2 64. Kf3 Ra1 65. Rg5 b1=Q 66. Rc5+ Kd3 67. Rd5+ Kc4 68. Re5 Qd3+ 69. Re3 Qf5+ 0-1

[Event "*** SCC Grand Prix: Titled Tuesday Blitz"]
[Site "Chess.com"]
[Date "2020.09.29"]
[Round "2"]
[White "anon219"]
[Black "NuidisVulko"]
[Result "1-0"]
[WhiteElo "2755"]
[BlackElo "2485"]
[TimeControl "180+1"]
[EndTime "10:19:04 PDT"]
[Termination "anon219 won by resignation"]

1. e4 d6 2. d4 Nf6 3. Bd3 g6 4.
Nf3 Bg7 5. O-O O-O 6. Re1 c6 7. h3 Qc7 8. c3 e5 9. Na3 b5 10. Nc2 a6 11. a4 Bb7 12. b3 Nbd7 13. Ba3 Rfd8 14. Qd2 Nb6 15. Bf1 c5 16. d5 bxa4 17. b4 cxb4 18. Nxb4 Nc4 19. Qa2 Rdc8 20. Bc1 a5 21.
Nc2 Ba6 22. Qxa4 Nb6 23. Qa3 Bxf1 24. Rxf1 Qxc3 25. Be3 Qxc2 26. Bxb6 Qxe4 27. Qxd6 Qxd5 28. Qxe5 Qxe5 29. Nxe5 Nd5 30. Bd4 Nb4 31. Ra4 Re8 32.
f4 Red8 33. Ba1 Nd3 34. Nc6 Rd7 35. Rd1 Bxa1 36. Raxa1 a4 37. Ra3 Nc5 38. Rc1 Ne4 39. Rc4 f5 40. Rcxa4 Rxa4 41. Rxa4 Kg7 42. Ne5 Rc7 43.
Kh2 Re7 44. Ra6 g5 45. Nd3 h6 46. Ra5 Kf6 47. Ra6+ Re6 48. Ra8 g4 49. hxg4 fxg4 50. Ne5 h5 51. Rh8 Kf5 52. g3 Nf6 53. Kg2 Rd6 54. Rf8 Rd2+ 55. Kf1 Rd5 56. Ke2 Ra5 57.
Ke3 Rd5 58. Ke2 h4 59. gxh4 g3 60. Kf1 Rd2 61. Nf3 Rf2+ 62. Kg1 Rxf3 63. Kg2 Rc3 64. h5 Ke6 65. h6 Ne4 66. h7 Rc2+ 67. Kf3 Rh2 68.
h8=Q Rxh8 69. Rxh8 Nf6 70. Kxg3 Nd5 71. Kg4 Nf6+ 72.
Kf3 Kf7 73. Ra8 Kg7 74. Ra7+ Kg6 75. Ra6 Kf5 76. Ra5+ Ke6 77. f5+ Kd6 78. Kf4 Ke7 79.
Kg5 Nd7 80. Ra7 Kd6 81. Rxd7+ Kxd7 82. Kg6 1-0

[Event "*** SCC Grand Prix: Titled Tuesday Blitz"]
[Site "Chess.com"]
[Date "2020.09.29"]
[Round "2"]
[White "mapleaff"]
[Black "azikom"]
[Result "1/2-1/2"]
[WhiteElo "2379"]
[BlackElo "2647"]
[TimeControl "180+1"]
[EndTime "10:19:07 PDT"]
[Termination "Game drawn by repetition"]

1. d4 d5 2. c4 e6 3. Nf3 Be7 4. Nc3 Nf6 5. Bf4 O-O 6. e3 Nbd7 7. c5 c6 8. h3 Ne4 9. Bd3 Nxc3 10. bxc3 b6 11.
cxb6 axb6 12. O-O Ba6 13. Re1 Bxd3 14. Qxd3 Ra3 15. Qc2 b5 16. e4 Nf6 17. Bc1 Ra6 18.
exd5 Qxd5 19. Re5 Qd7 20. Rg5 Rfa8 21. Ne5 Qc8 22. Rg3 Bf8 23. Bg5 Nd7 24. Ng4 Kh8 25.
Rf3 Qe8 26. Ne3 f6 27. Bh4 Qg6 28. Qe2 Qe4 29. Bg3 h6 30. Rf4 Qg6 31. Rg4 Qh7 32.
Nf1 Qf5 33. Re4 Qd5 34. Rxe6 Rxa2 35. Rxa2 Rxa2 36. Qe3 Ra1 37. Re8 Kg8 38. Qe6+ Qxe6 39. Rxe6 c5 40. Re8 cxd4 41. cxd4 b4 42. Rd8 b3 43. Rxd7 b2 44. Rb7 b1=Q 45. Rxb1 Rxb1 46.
Bf4 Rd1 47. Be3 h5 48. g3 g6 49. Kg2 Ra1 50. h4 Kf7 51. Nh2 Ba3 52. Nf3 Bc1 53.
Bxc1 Rxc1 54. Ng1 Rd1 55. Nf3 Ke6 56. Kh2 Kd5 57. Kg2 Ke4 58. Nh2 Rxd4 59. g4 hxg4 60. Nxg4 Kf5 61. f3 Ke6 62. Kg3 Ra4 63. Nf2 Rb4 64. Ng4 Kf7 65. Nf2 Kg7 66. Ne4 Ra4 67. Nf2 f5 68. Nd3 Kh6 69. Nf4 Rb4 70. Ne6 Rc4 71. Nf4 Ra4 72. Ne6 Kh5 73. Nf4+ Kh6 74.
Ne6 Kh5 75. Ng7+ Kh6 76. Ne6 1/2-1/2

[Event "*** SCC Grand Prix: Titled Tuesday Blitz"]
[Site "Chess.com"]
[Date "2020.09.29"]
[Round "2"]
[White "AlexOstrovskiy"]
[Black "ErikRonka"]
[Result "1-0"]
[WhiteElo "2734"]
[BlackElo "2477"]
[TimeControl "180+1"]
[EndTime "10:19:10 PDT"]
[Termination "AlexOstrovskiy won by checkmate"]

1. d4 d5 2. Bf4 c5 3. e4 dxe4 4. d5 Nf6 5. Nc3 g6 6. Qd2 Bg7 7. O-O-O O-O 8. Bh6 a6 9. Nge2 e6 10. d6 b5 11. Ng3 Bb7 12. Bxg7 Kxg7 13. Qe3 Nbd7 14.
Ncxe4 Nxe4 15. Nxe4 Bxe4 16. Qxe4 Qg5+ 17. f4 Nf6 18.
Qe3 Nd5 19. fxg5 Nxe3 20. Rd3 Ng4 21. Rd2 Rad8 22. a4 c4 23. Be2 Nf2 24. Rf1 Ne4 25. Rd4 Nxd6 26. Rfd1 Nb7 27. Rd7 Rxd7 28. Rxd7 Nc5 29.
Ra7 Rb8 30. a5 Rd8 31. Bf3 Rc8 32. h4 Kg8 33. Kd2 Kf8 34. Ke3 Rd8 35. Rc7 Nd7 36.
Ra7 Ke7 37. Rxa6 Rb8 38. Ra7 Kd6 39. a6 Nc5 40. Rxf7 Nxa6 41. Rxh7 Nb4 42. c3 Nd3 43. b4 Ne5 44. Be4 Rb6 45. Rh8 Ra6 46. Rd8+ Ke7 47. Rd2 Ra3 48. Rc2 Ra1 49. Kf4 Nd3+ 50. Bxd3 cxd3 51.
Rd2 Rf1+ 52. Kg4 Rg1 53. g3 e5 54. Rxd3 Ke6 55. Rf3 e4 56. Rf6+ Ke5 57. Rxg6 e3 58. Rg8 Kd6 59. Re8 Re1 60. Kf3 e2 61.
Rxe2 Rc1 62. Re3 Kd5 63. Kg4 Rf1 64. Rf3 Re1 65. g6 Re7 66. h5 Ke4 67. Rf4+ Ke5 68. Rf7 Re6 69. Rf5+ Ke4 70. Rxb5 Re7 71. Rc5 Kd3 72.
Kg5 Re4 73. h6 Re3 74. g4 Rg3 75. h7 Rh3 76. Rc8 Rh1 77. h8=Q Re1 78. Qd4+ Kc2 79. g7 Re2 80. g8=Q Re5+ 81. Qxe5 Kb2 82. Ra8 Kc2 83. Qe2+ Kxc3 84. Qg7+ Kb3 85. Qeb2+ Kc4 86. Qbc3+ Kb5 87. Qb7# 1-0

[Event "*** SCC Grand Prix: Titled Tuesday Blitz"]
[Site "Chess.com"]
[Date "2020.09.29"]
[Round "2"]
[White "Gnechko_Ruslan"]
[Black "novocane"]
[Result "1/2-1/2"]
[WhiteElo "2448"]
[BlackElo "2299"]
[TimeControl "180+1"]
[EndTime "10:19:17 PDT"]
[Termination "Game drawn by agreement"]

1. c4 e5 2. Nc3 Bb4 3. g3 Bxc3 4. dxc3 Nc6 5. Bg2 d6 6. Nf3 Be6 7.
Nd2 Nge7 8. b3 O-O 9. e4 Qd7 10. h3 f5 11. exf5 Nxf5 12. Nf1 Rf7 13. Ne3 Raf8 14.
Nxf5 Bxf5 15. Be3 Kh8 16. g4 Be6 17. Qe2 a5 18. a4 Ne7 19. O-O-O Ng6 20. Be4 Nf4 21.
Qc2 g6 22. Kb2 Qe7 23. f3 Rb8 24. h4 c6 25. h5 g5 26. Rhe1 Qc7 27. Qd2 Rd7 28.
Qf2 b5 29. axb5 cxb5 30. c5 d5 31. Bc2 b4 32. Bd2 bxc3+ 33. Bxc3 d4 34. Bxd4 exd4 35. Rxd4 Qxc5 36. Red1 Rxd4 37. Qxd4+ Qxd4+ 38. Rxd4 a4 39. Rxa4 Bxb3 40. Bxb3 Nd3+ 41. Kc3 Nc5 42. Rb4 Rxb4 43. Kxb4 Nd3+ 44. Kc3 Nf4 45. Kd4 h6 46. Ke5 Kg7 47.
Kf5 Ne2 48. Bc4 Nf4 49. Ke5 Ng2 50. Bf1 Nf4 51. Ke4 Kf6 52. Bc4 Kg7 53. Ke5 Nh3 54. Kf5 Nf4 55. Bf1 Kf7 56. Ba6 Kg7 57. Bb7 Nh3 58.
Be4 Nf4 59. Ke5 Nh3 60. Ke6 Nf4+ 61. Ke7 Nh3 62. Bd5 Nf4 63. Bc4 Nh3 64. Bf1 Nf4 65. Ke8 Nd5 66. Bc4 Nf4 67. Ke7 Nh3 68. Kd6 Nf4 69. Bd5 Ne2 70. Ke5 Nf4 71. Be4 Ng2 72.
f4 Nxf4 73. Kf5 Nh3 74. Bf3 Nf4 75. Bc6 Nh3 76. Bb5 Nf4 77. Bf1 Nd5 78. Ke5 Nf4 79.
Ke4 Ne6 80. Bc4 Nf4 81. Kf3 Nh3 82. Kg3 Nf4 83. Bb5 Ne6 84. Be2 Nf4 85. Bc4 Kf6 86.
Kf3 Kg7 87. Ke4 Nh3 1/2-1/2

[Event "*** SCC Grand Prix: Titled Tuesday Blitz"]
[Site "Chess.com"]
[Date "2020.09.29"]
[Round "2"]
[White "FLamps8"]
[Black "DenLaz"]
[Result "0-1"]
[WhiteElo "2508"]
[BlackElo "2808"]
[TimeControl "180+1"]
[EndTime "10:19:31 PDT"]
[Termination "DenLaz won by checkmate"]

1. d4 d5 2. c4 e6 3. Nc3 a6 4.
cxd5 exd5 5. Bf4 c6 6. e3 Bd6 7.
Bg3 Ne7 8. Bd3 O-O 9. Nf3 Bf5 10.
Qc2 Bg6 11. Ne5 Re8 12. Nxg6 Nxg6 13. O-O Bxg3 14. hxg3 Nd7 15. b4 Qe7 16. a4 b5 17.
a5 Nf6 18. Na2 Rac8 19. Rac1 Red8 20. Qc5 Qb7 21. Bf5 Rc7 22. Qb6 Ne7 23. Qxb7 Rxb7 24. Bd3 Ne8 25. Rc2 Nd6 26. Nc1 Nc4 27. Nb3 Nc8 28.
Nc5 Ra7 29. e4 dxe4 30. Bxc4 bxc4 31. Rxc4 Nd6 32. Rcc1 f5 33. Rfd1 Kf7 34. d5 cxd5 35. Rxd5 Ke7 36. Rcd1 Nf7 37. Rxd8 Nxd8 38. g4 fxg4 39.
Nxe4 Nc6 40. Rb1 Rb7 41. Nc3 Ke6 42. b5 axb5 43. Nxb5 Nxa5 44. Nd4+ Ke5 45. Nc6+ Kf5 46. Rxb7 Nxb7 47. g3 Ke4 48. Kg2 Nd6 49. Ne7 h5 50. Ng6 Kf5 51. Nf4 g6 52. Ne2 Ke5 53. Nf4 Kf6 54.
Nd5+ Kf5 55. Nf4 Ne4 56. Nd3 g5 57. Ne1 Nc5 58. Nc2 Ke4 59. Ne3 Nd3 60. Nc4 Kd5 61.
Ne3+ Ke6 62. Nc2 Ke5 63. Ne3 Nb2 64. Nc2 Nc4 65. Ne1 Ke4 66. Nc2 h4 67. Ne1 Ne5 68. gxh4 gxh4 69. Kh2 Nd3 70. Ng2 h3 71. Ne3 Kf3 72. Nf5 Nxf2 73. Nd4+ Kf4 74. Ne2+ Ke3 75. Ng3 Ne4 76. Nf5+ Kf2 77. Nh4 Ng5 78. Nf5 Kf3 79. Nh4+ Kf4 80. Ng6+ Ke3 81. Nh4 Kf2 82. Nf5 Nf3+ 83.
Kh1 Nd4 84. Nxd4 g3 85. Ne2 Kxe2 86. Kg1 Kf3 87. Kh1 g2+ 88. Kg1 h2+ 89. Kxh2 Kf2 90. Kh3 g1=Q 91. Kh4 Qg6 92. Kh3 Qg3# 0-1

[Event "*** SCC Grand Prix: Titled Tuesday Blitz"]
[Site "Chess.com"]
[Date "2020.09.29"]
[Round "2"]
[White "youngKID"]
[Black "anasta10"]
[Result "1/2-1/2"]
[WhiteElo "2769"]
[BlackElo "2505"]
[TimeControl "180+1"]
[EndTime "10:19:33 PDT"]
[Termination "Game drawn - insufficient material"]

1. Nf3 Nf6 2. d4 g6 3. Bg5 Bg7 4. Nbd2 d5 5. e3 O-O 6. Bd3 c5 7. c3 Nc6 8. O-O cxd4 9. exd4 Bf5 10. Bxf5 gxf5 11. Bxf6 Bxf6 12. Re1 e6 13. Nb3 b6 14. Nc1 Qc7 15. Nd3 Kh8 16. Nfe5 Nxe5 17. Nxe5 Bxe5 18. Rxe5 Rg8 19. Qf3 Rg6 20. g3 Rag8 21. b3 Rg4 22.
c4 dxc4 23. Qc3 Qd8 24. d5 Qf6 25. dxe6 fxe6 26. Rae1 cxb3 27. Qxb3 f4 28. Rxe6 Qd4 29.
R6e4 Qf6 30. Qf3 a5 31. Kh1 b5 32. Re6 Qd4 33. Re8 fxg3 34. fxg3 Rg7 35. R8e4 Qb2 36. R1e2 Qa1+ 37. Kg2 b4 38. Re5 a4 39. R5e4 b3 40. axb3 a3 41. Ra4 Qc1 42. b4 Qc4 43. Rxa3 Qxb4 44.
Rae3 Qc4 45. Re4 Qc5 46. Re6 Qc4 47. Re7 Qd4 48. R7e6 Qa1 49. R6e5 Qd4 50. Qf6 Qa1 51. Qf3 Qd4 52. Re7 Qa1 53. Rxg7 Qxg7 54. Re4 Qa1 55. Re2 Qg7 56. h4 Qa1 57. Kh3 Qg7 58. g4 Qd7 59. h5 Qg7 60. Re3 Qd7 61. Qe2 Qg7 62. Re7 Qf6 63. Re6 Qg7 64. h6 Qc3+ 65. Re3 Qd4 66. Re4 Qc3+ 67. Kh2 Qc7+ 68. Kh3 Qc3+ 69. Re3 Qc6 70. Re4 Qxh6+ 71. Kg2 Qg7 72. Qf3 Qg6 73. Qc3+ Qg7 74. Qxg7+ Kxg7 75. Kg3 Kg6 76. Re5 Kg7 77. Re6 Rf8 78. Re3 Rf7 79. Rf3 Rc7 80. Rf4 Rf7 81. Rf3 Rxf3+ 82. Kxf3 Kf6 83. Kf4 Kg6 84. g5 h6 85. gxh6 Kxh6 1/2-1/2

[Event "*** SCC Grand Prix: Titled Tuesday Blitz"]
[Site "Chess.com"]
[Date "2020.09.29"]
[Round "2"]
[White "Gajuchess"]
[Black "Angel_Hranitel_37"]
[Result "0-1"]
[WhiteElo "2807"]
[BlackElo "2538"]
[TimeControl "180+1"]
[EndTime "10:20:05 PDT"]
[Termination "Angel_Hranitel_37 won on time"]

1. d4 Nf6 2. c4 e6 3. Nf3 Bb4+ 4. Nbd2 b6 5. a3 Bxd2+ 6. Qxd2 Bb7 7. e3 a5 8. b3 d6 9. Be2 Nbd7 10. O-O O-O 11. Bb2 Qe7 12. Qc2 Ne4 13. Ne1 f5 14. Nd3 g5 15. f3 Nef6 16. Nf2 h5 17. e4 f4 18. e5 Ne8 19. Qg6+ Qg7 20. Qxh5 dxe5 21. dxe5 Nxe5 22. Ng4 Nf6 23. Nh6+ Kh7 24. Qh3 Qxh6 25. Qxh6+ Kxh6 26. Bxe5 Rf7 27. Rfd1 Rc8 28. b4 Nd7 29. Bc3 axb4 30. axb4 Kg6 31. Ra7 Rb8 32. Kf2 e5 33. Bd3+ Kf6 34. Bc2 Ke6 35. c5 Re7 36. Rxb7 Rxb7 37.
c6 Rb8 38. Bb3+ Kf6 39. cxd7 Rd8 40. Ba4 Re6 41. Bb5 Ke7 42. Bc4 Rc6 43. Re1 Rxc4 44. Rxe5+ Kxd7 45. Be1 Re8 46. Rd5+ Kc6 47. Rd2 Rc1 48.
Re2 Rxe2+ 49. Kxe2 Rc2+ 50. Bd2 Kb5 51. g3 Rc4 52.
Kd3 fxg3 53. hxg3 g4 54. f4 c5 55. bxc5 bxc5 56. f5 Rd4+ 57. Ke3 Kc6 58. Bc3 Rd8 59. Kf4 Rg8 60. f6 Kd7 61. Kf5 Ke8 62. Ke6 Kf8 63. Be5 Rg6 64. Bd6+ Ke8 65. Bxc5 Rh6 66. Bd6 Rg6 67.
Bf4 Kf8 68. Bd6+ Ke8 69. Kf5 Kf7 70. Be5 Rg8 71. Kf4 Rg6 72. Kf5 Rh6 73. Bf4 Rxf6+ 74.
Kxg4 Rg6+ 75. Kf3 Ra6 76. Kg4 Kg6 77. Kf3 Kf5 78. g4+ Kf6 79. g5+ Kf5 80. Be3 Ra3 81.
Ke2 Ke4 82. Bf2 Ra2+ 83. Kf1 Ra5 84. g6 Rg5 85. g7 Rxg7 86. Bb6 Kf3 87. Bc5 Rc7 88. Ba3 Rc3 89. Bb2 Rb3 0-1

[Event "*** SCC Grand Prix: Titled Tuesday Blitz"]
[Site "Chess.com"]
[Date "2020.09.29"]
[Round "3"]
[White "eightbyeightchess"]
[Black "Aygehovit1992"]
[Result "0-1"]
[WhiteElo "2406"]
[BlackElo "2647"]
[TimeControl "180+1"]
[EndTime "10:21:36 PDT"]
[Termination "Aygehovit1992 won by resignation"]

1. e4 d6 2. d4 Nf6 3. Nc3 g6 4. f4 Bg7 5. Nf3 O-O 6. Bd3 Nc6 7. e5 dxe5 8. dxe5 Nd5 9. O-O Nxc3 10. bxc3 Qd5 11. Ba3 Qa5 12. Bb2 Qb6+ 0-1

[Event "*** SCC Grand Prix: Titled Tuesday Blitz"]
[Site "Chess.com"]
[Date "2020.09.29"]
[Round "3"]
[White "alexrustemov"]
[Black "MashaFromRussia"]
[Result "1/2-1/2"]
[WhiteElo "2732"]
[BlackElo "2408"]
[TimeControl "180+1"]
[EndTime "10:22:53 PDT"]
[Termination "Game drawn by repetition"]

1. d4 Nf6 2. Bg5 c5 3. d5 Qb6 4. Nc3 Qxb2 5. Bd2 Qb6 6. e4 d6 7. Nf3 Nbd7 8. Bb5 a6 9. Bxd7+ Nxd7 10. O-O g6 11. Rb1 Qc7 12. a4 Bg7 13. Qe2 O-O 14. h3 Rb8 15. Qc4 Nb6 16. Qb3 Nd7 17. Qc4 Nb6 18. Qb3 Nd7 19. Qc4 1/2-1/2

[Event "*** SCC Grand Prix: Titled Tuesday Blitz"]
[Site "Chess.com"]
[Date "2020.09.29"]
[Round "3"]
[White "NotFischer"]
[Black "BanjoKazooieN64"]
[Result "1/2-1/2"]
[WhiteElo "2282"]
[BlackElo "2491"]
[TimeControl "180+1"]
[EndTime "10:22:54 PDT"]
[Termination "Game drawn by agreement"]

1. e4 e5 2. Bc4 Nf6 3. d4 exd4 4.
Nf3 d5 5. exd5 Bb4+ 6. c3 dxc3 7. O-O O-O 8. Nxc3 Bxc3 9. bxc3 Nbd7 10. Bg5 Nb6 11.
Bb3 Nbxd5 12. Bxd5 Qxd5 13. Bxf6 Qxd1 14. Rfxd1 gxf6 15. Nd4 Be6 16. Nxe6 fxe6 17. Rd7 Rf7 18. Rad1 Raf8 19.
f4 Rxd7 20. Rxd7 Rf7 21. Rd8+ Kg7 1/2-1/2

[Event "*** SCC Grand Prix: Titled Tuesday Blitz"]
[Site "Chess.com"]
[Date "2020.09.29"]
[Round "3"]
[White "kidagent"]
[Black "smshk35"]
[Result "1-0"]
[WhiteElo "2284"]
[BlackElo "2466"]
[TimeControl "180+1"]
[EndTime "10:22:58 PDT"]
[Termination "kidagent won by resignation"]

1. e4 c5 2. Nf3 e6 3. d4 cxd4 4. Nxd4 a6 5. Nc3 b5 6. a3 Bb7 7. g3 Nc6 8. Nde2 Nf6 9. Bg2 Bc5 10. O-O Ng4 11. Nf4 Qb6 12. Qxg4 g6 13. Nd3 Be7 14. Be3 Qc7 15. f4 h5 16. Qe2 Na5 17. Bd4 f6 18. e5 f5 19. Bxb7 Qxb7 20. Qg2 Nc6 21. Bc5 h4 22. Bxe7 Kxe7 23. gxh4 Rxh4 24. Qg5+ Kf7 25. Qxh4 Kg7 1-0

[Event "*** SCC Grand Prix: Titled Tuesday Blitz"]
[Site "Chess.com"]
[Date "2020.09.29"]
[Round "3"]
[White "parintele_chess"]
[Black "PauloCesarCosta_sad"]
[Result "1/2-1/2"]
[WhiteElo "2147"]
[BlackElo "2300"]
[TimeControl "180+1"]
[EndTime "10:23:05 PDT"]
[Termination "Game drawn by agreement"]

1. c4 c5 2. g3 g6 3. Bg2 Bg7 4. Nc3 Nc6 5. a3 Nf6 6. Rb1 O-O 7. b4 d6 8. Nf3 Bg4 9. O-O Qd7 10. Ng5 h6 11.
Nge4 Nxe4 12. Nxe4 cxb4 13. axb4 Bh3 14. d4 Bxg2 15. Kxg2 Nxd4 16. Bxh6 Bxh6 17. Qxd4 Bg7 1/2-1/2

[Event "*** SCC Grand Prix: Titled Tuesday Blitz"]
[Site "Chess.com"]
[Date "2020.09.29"]
[Round "3"]
[White "PawnEatingZombie"]
[Black "Gulkov_Igor"]
[Result "0-1"]
[WhiteElo "2228"]
[BlackElo "2432"]
[TimeControl "180+1"]
[EndTime "10:23:15 PDT"]
[Termination "Gulkov_Igor won by resignation"]

1. d4 Nf6 2. c4 e6 3. Nc3 Bb4 4. Qc2 O-O 5. e4 d5 6. e5 Ne4 7.
Bd3 c5 8. Nf3 cxd4 9. Nxd4 Nd7 10. Bf4 Ndc5 11. O-O Nxd3 12. Qxd3 Nc5 13. Qe3 dxc4 14.
Qg3 Qxd4 0-1

[Event "*** SCC Grand Prix: Titled Tuesday Blitz"]
[Site "Chess.com"]
[Date "2020.09.29"]
[Round "3"]
[White "aljado"]
[Black "bazar-wokzal"]
[Result "0-1"]
[WhiteElo "2061"]
[BlackElo "2459"]
[TimeControl "180+1"]
[EndTime "10:23:17 PDT"]
[Termination "bazar-wokzal won by resignation"]

1. e4 Nc6 2. d4 d5 3. e5 h5 4. Nf3 Bg4 5. c3 Qd7 6. h3 Bxf3 7. Qxf3 f6 8. exf6 gxf6 9. Bb5 O-O-O 10. Be3 Kb8 11.
Nd2 Nxd4 12. cxd4 Qxb5 13. a4 Qd3 14. Ra3 Qa6 15. b4 e5 16. b5 Qb6 17. O-O Bxa3 0-1

[Event "*** SCC Grand Prix: Titled Tuesday Blitz"]
[Site "Chess.com"]
[Date "2020.09.29"]
[Round "3"]
[White "Tactictic"]
[Black "azikom"]
[Result "1-0"]
[WhiteElo "2427"]
[BlackElo "2634"]
[TimeControl "180+1"]
[EndTime "10:23:32 PDT"]
[Termination "Tactictic won by checkmate"]

1. e4 c5 2. Nf3 e6 3. d4 cxd4 4. Nxd4 a6 5. Bd3 b5 6. a4 b4 7. O-O Bb7 8. Nd2 Nf6 9. Re1 d6 10. Nc4 Nbd7 11. a5 Be7 12. Bd2 d5 13. exd5 Nxd5 14.
Rxe6 fxe6 15. Qh5+ g6 16. Bxg6+ hxg6 17. Qxg6+ Kf8 18.
Nxe6# 1-0

[Event "*** SCC Grand Prix: Titled Tuesday Blitz"]
[Site "Chess.com"]
[Date "2020.09.29"]
[Round "3"]
[White "Riptide27"]
[Black "Alexsur1981"]
[Result "0-1"]
[WhiteElo "2516"]
[BlackElo "2751"]
[TimeControl "180+1"]
[EndTime "10:23:38 PDT"]
[Termination "Alexsur1981 won by resignation"]

1. e4 c5 2. Nf3 e6 3. d4 cxd4 4. Nxd4 Nf6 5. Nc3 Nc6 6. Ndb5 Bc5 7. Nd6+ Ke7 8. Nxc8+ Rxc8 9. Be2 Qc7 10. O-O a6 11. Bg5 h6 12. Bh4 Bd6 13. Bg3 Bxg3 14. hxg3 h5 15. f4 Qb6+ 16. Rf2 Qxb2 17. Rf3 Qb6+ 18.
Rf2 Qc5 19. Qd2 Nb4 20. e5 Qxc3 21. exf6+ gxf6 22. Rd1 Qxd2 23. Rxd2 Nxa2 0-1

[Event "*** SCC Grand Prix: Titled Tuesday Blitz"]
[Site "Chess.com"]
[Date "2020.09.29"]
[Round "3"]
[White "x-0414717230"]
[Black "wonderfultime"]
[Result "1-0"]
[WhiteElo "2697"]
[BlackElo "2907"]
[TimeControl "180+1"]
[EndTime "10:23:46 PDT"]
[Termination "x-0414717230 won by checkmate"]

1. d4 d5 2. Nf3 Nf6 3. Bf4 e6 4. e3 Bd6 5. Ne5 O-O 6. Bd3 c5 7. c3 Nc6 8. Nd2 Qe7 9. O-O Nd7 10. Nxd7 Bxd7 11. Bxd6 Qxd6 12. dxc5 Qxc5 13. Bxh7+ Kxh7 14. Qh5+ Kg8 15. Ne4 Qb6 16. Ng5 Rfd8 17. Qxf7+ Kh8 18. f4 Qxe3+ 19. Kh1 Be8 20. Qf8# 1-0

[Event "*** SCC Grand Prix: Titled Tuesday Blitz"]
[Site "Chess.com"]
[Date "2020.09.29"]
[Round "3"]
[White "mjray79"]
[Black "SilviusTiberius"]
[Result "1-0"]
[WhiteElo "2422"]
[BlackElo "2625"]
[TimeControl "180+1"]
[EndTime "10:23:54 PDT"]
[Termination "mjray79 won by resignation"]

1. d4 Nf6 2. c4 g6 3. Nc3 Bg7 4. e4 d6 5. Nge2 O-O 6. Ng3 e5 7. d5 h5 8. h4 Nh7 9. Be2 Bf6 10. Nf1 Bxh4 11. Bxh5 Bg5 12. Bf3 Kg7 13. Ng3 Rh8 14. Bg4 Na6 15. Bxc8 Rxc8 16. Bd2 Nc5 17. Qe2 Bxd2+ 18.
Qxd2 Nf6 19. O-O-O Qe7 20. Nf5+ gxf5 21. Qg5+ 1-0